 Dungeon Crawl Stone Soup version 0.29.1-2-gbd0b4ee654 (webtiles) character file.

Game seed: 14965376637272203787

16 nshep25 the Twirler (level 2, 15/22 HPs)
             Began as a Demonspawn Gladiator on Nov 3, 2022.
             Got out of the dungeon alive.
             The game lasted 00:00:38 (146 turns).

nshep25 the Twirler (Demonspawn Gladiator)           Turns: 146, Time: 00:00:38

Health: 15/22      AC:  4    Str: 14    XL:     2   Next: 37%
Magic:  2/2        EV: 12    Int:  9    God:
Gold:   14         SH:  0    Dex: 14    Spells: 1/1 levels left

rFire   . . .      SeeInvis .   a - +0 quarterstaff
rCold   . . .      Faith    .   (shield currently unavailable)
rNeg    . . .      Spirit   .   b - +0 leather armour
rPois   .          Reflect  .   c - +0 helmet
rElec   .          Harm     .   (no cloak)
rCorr   .          Rampage  .   (no gloves)
Will    .....                   (no boots)
Stlth   +.........              (no amulet)
HPRegen 0.07/turn               (no ring)
MPRegen 0.08/turn               (no ring)

@: no status effects
A: hooves 1
a: no special abilities


You escaped.
You visited 1 branch of the dungeon, and saw 1 of its levels.

You collected 14 gold pieces.

Inventory:

Hand Weapons
 a - a +0 quarterstaff (weapon)
Missiles
 d - 3 throwing nets (quivered)
 e - a javelin
Armour
 b - a +0 leather armour (worn)
 c - a +0 helmet (worn)
Scrolls
 g - a scroll of teleportation {unknown}
Potions
 f - a potion of attraction {unknown}


   Skills:
 + Level 2.0 Fighting
 + Level 3.0 Staves
 + Level 2.0 Throwing
 + Level 0.2 Armour
 + Level 3.0 Dodging


You had one spell level left.
You didn't know any spells.
Your spell library was empty.

Dungeon Overview and Level Annotations

Branches:
Dungeon (1/15)

Altars:


Innate Abilities, Weirdness & Mutations

You have large cloven feet.


Message History

You closely miss the bat. Your kick misses the bat.
The bat hits you but does no damage. x2
You barely miss the bat. The bat barely misses you.
The bat hits you but does no damage.
Found 3 stones.
The bat barely misses you. x2
You see here a scroll labelled QOSKATIEBE.
The ball python hisses angrily.
You sock the bat!
You kill the bat!
You see here a bat corpse.
You see here a scroll labelled QOSKATIEBE.
Found 14 gold pieces and a ruby potion.
Found a stone staircase leading down.
The ball python closely misses you. The ball python barely misses you.
You completely miss the ball python. The ball python closely misses you. x2
You closely miss the ball python. Your kick misses the ball python.
The ball python bites you but does no damage.
The ball python closely misses you. The ball python barely misses you.
The ball python grabs you. The ball python constricts you.
You hit the ball python.
The ball python is severely wounded.
The ball python closely misses you. The ball python constricts you.
You closely miss the ball python. Your kick misses the ball python.
The ball python is severely wounded.
The ball python bites you but does no damage.
The ball python constricts you.
You sock the ball python!
You kill the ball python!
Your Dodging skill increases to level 3!
You see here a ball python corpse.
You now have 14 gold pieces.
f - a ruby potion
g - a scroll labelled QOSKATIEBE
There is a faded altar of an unknown god here.
You see here a +0 dagger.
There is an open gate here.
There is a staircase leading out of the dungeon here.
There is a staircase leading out of the dungeon here.
You can't go down here!
Are you sure you want to leave the Dungeon?
This will make you lose the game!
You have escaped!

#.......##
#........###
#...)......####
#...)..........
########..............
.
#.......#####........#
..#.##'''## #
#.........
....#.....#.#
#.........
..#.#..@..#.#
####.....#
....#.....#.# #######
....#.....#.# ...
##+++##.# .. # #


There were no monsters in sight!

Vanquished Creatures
  A dart slug (D:1)
  2 ball pythons (D:1)
  2 bats (D:1)
  2 endoplasms (D:1)
  3 goblins (D:1)
  A kobold (D:1)
11 creatures vanquished.

Notes
Turn   | Place    | Note
-------+----------+-------------------------------------------
     0 | D:1      | nshep25 the Demonspawn Gladiator began the quest for the
                  | Orb.
     0 | D:1      | Reached XP level 1. HP: 16/16 MP: 1/1
    67 | D:1      | Found a faded altar of an unknown god.
    80 | D:1      | Gained mutation: You have large cloven feet. [demonic
                  | ancestry]
    80 | D:1      | Reached XP level 2. HP: 17/22 MP: 2/2
   146 | D:$      | Got out of the dungeon alive.

Illustrated notes

Levels and vault maps discovered:
D:1:      dpeg_arrival_windows_large_door, layout_basic,
          hellmonk_ecumenical_altar_crossroads, hangedman_decor_clover_reticule

Skill      XL: |  1  2 |
---------------+-------+-----
Throwing       | 2 |  2.0
Staves         | 3 |  3.0
Dodging        | 3 |  3.0
Fighting       | |  2.0
Armour         | |  0.2

Action                   || total
-------------------------++-------
Melee: Quarterstaff      ||    24
       Kick              ||     1
Armor: Leather armour    ||    14
Dodge: Dodged            ||    38
